 Dungeon Crawl Stone Soup version 0.17-a0-913-g36eb389 (webtiles) character file.

8264 inmateoo the Grappler (level 11, -11/63 HPs)
             Began as a Gargoyle Warper on May 3, 2015.
             Was an Elder of Cheibriados.
             Killed from afar by a gargoyle (25 damage)
             ... with a stone arrow
             ... on level 11 of the Dungeon.
             The game lasted 00:20:01 (11275 turns).

inmateoo the Grappler (Gargoyle Warper)            Turns: 11275, Time: 00:20:01

Health: -11/63     AC: 21    Str: 25    XL:     11   Next: 28%
Magic:  16/16      EV: 13    Int: 24    God:    Cheibriados [****..]
Gold:   638        SH:  0    Dex: 19    Spells: 1 memorised, 16 levels left

rFire  + . .     SeeInvis .       - Unarmed
rCold  + + .     Clarity  .     n - +0 chain mail
rNeg   + . .     SustAb   .     (no shield)
rPois  ∞         Gourm    +     v - +0 helmet
rElec  +         Spirit   .     B - +0 cloak
rCorr  .         Warding  .     (no gloves)
rMut   .         Stasis   .     (no boots)
MR     .....                    C - amulet of the gourmand
Stlth  ..........               y - ring of protection from cold
                                M - ring of protection from cold

@: very slow, not resistant to hostile enchantments, extremely unstealthy
A: talons 1, rugged brown scales 1, camouflage 1, fire resistance 1, frail 1,
negative energy resistance 1, electricity resistance, slow healing 1, wild magic
1, unbreathing, petrification resistance, rot immunity, AC +7
a: Bend Time, Temporal Distortion, Slouch, Renounce Religion


You were on level 11 of the Dungeon.
You worshipped Cheibriados.
Cheibriados was greatly pleased with you.
You were not hungry.

You visited 2 branches of the dungeon, and saw 12 of its levels.

You collected 638 gold pieces.

Inventory:

Hand weapons
 p - the +4 spear "Beastbane" {venom, Int+4 Dex+2}
   (You found it on level 6 of the Dungeon)

   It poisons the flesh of those it strikes.
   It affects your intelligence (+4).
   It affects your dexterity (+2).
Missiles
 d - 5 tomahawks of dispersal (quivered)
 s - 20 tomahawks
Armour
 n - a +0 chain mail (worn)
 v - a +0 helmet (worn)
 B - a +0 cloak (worn)
Jewellery
 e - an uncursed ring of teleportation
 u - an uncursed ring of wizardry
 y - a ring of protection from cold (right hand)
 C - an amulet of the gourmand (around neck)
 M - a ring of protection from cold (left hand)
Magical devices
 a - a wand of fireball (6)
 w - a wand of digging (24)
 J - a wand of digging (13)
 L - a wand of magic darts (28)
 O - a wand of frost (23)
Scrolls
 c - a scroll of blinking
 g - 2 scrolls of teleportation
 j - a scroll of amnesia
 k - 2 scrolls of recharging
 l - 2 scrolls of fog
 x - 2 scrolls of magic mapping
 F - a scroll of holy word
 H - 5 scrolls of remove curse
Potions
 f - 2 potions of flight
 t - a potion of magic
 z - a potion of resistance
 D - 2 potions of curing
 K - 3 potions of cancellation
Books
 b - a book of Spatial Translocations

   Spells                             Type                      Level
   a - Apportation                    Translocation                1
   b - Blink                          Translocation                2
   c - Shroud of Golubria             Charms/Translocation         2
   d - Portal Projectile              Translocation                3
   e - Teleport Other                 Translocation                3
   f - Passage of Golubria            Translocation                4
 i - a book of Frost

   Spells                             Type                      Level
   a - Freeze                         Ice                          1
   b - Throw Frost                    Conjuration/Ice              2
   c - Ozocubu's Armour               Charms/Ice                   3
   d - Throw Icicle                   Conjuration/Ice              4
   e - Summon Ice Beast               Ice/Summoning                4
   f - Condensation Shield            Ice                          4
 G - a book of Control

   Spells                             Type                      Level
   a - Control Teleport               Charms/Translocation         4
   b - Control Undead                 Necromancy                   4
   c - Metabolic Englaciation         Hexes/Ice                    5
   d - Mass Confusion                 Hexes                        6
Comestibles
 h - 6 meat rations
 m - 13 fruits
 r - 6 bread rations
 A - 2 slices of pizza
 I - a beef jerky


   Skills:
 + Level 8.0 Fighting
 - Level 1.0 Throwing
 + Level 7.8 Armour
 + Level 6.3 Dodging
 + Level 11.4 Unarmed Combat
 + Level 3.7 Spellcasting
 - Level 2.6 Translocations
 * Level 1.3 Invocations


You had 16 spell levels left.
You knew the following spells:

 Your Spells              Type           Power        Failure   Level  Hunger
a - Apportation           Tloc           ####......   34%         1    None


Dungeon Overview and Level Annotations

Branches:
Dungeon (11/15)            Temple (1/1) D:6            Lair (0/8) D:11
    Orc: D:9-12

Altars:
Ashenzari
Cheibriados
Dithmenos
Elyvilon
Fedhas
Gozag
Kikubaaqudgha
Makhleb
Nemelex Xobeh
Okawaru
Qazlal
Ru
Sif Muna
Trog
Vehumet
Xom
Yredelemnul
Zin
The Shining One

Shops:
D:5 =   D:7 *


Innate Abilities, Weirdness & Mutations

You are resistant to torment.
Your stone body is resilient (AC +7).
You are immune to poison.
You resist negative energy.
You are resistant to electric shocks.
You can survive without breathing.
You are immune to petrification.
You are immune to rotting.
You have sharp toenails.
You are partially covered in rugged brown scales (AC +1, +3% HP).
Your skin changes colour to match your surroundings (Stealth).
Your flesh is heat resistant.
You are frail (-10% HP).
You heal slowly when monsters are visible.
Your spells are a little harder to cast, but a little more powerful.


Message History

* * * LOW HITPOINT WARNING * * *
You are too injured to fight recklessly!
You hit the gargoyle but do no damage.
You claw the gargoyle, but do no damage.
You are too injured to fight recklessly!
You barely miss the gargoyle.
The gargoyle hurls a stone arrow at you.
The stone arrow misses you.
You are too injured to fight recklessly!
You are too injured to fight recklessly!
You are too injured to fight recklessly!
You hit the gargoyle but do no damage.
You claw the gargoyle, but do no damage.
The gargoyle barely misses you.
You are too injured to fight recklessly!
You hit the gargoyle but do no damage.
You claw the gargoyle, but do no damage.
The gargoyle hurls a stone arrow at you.
The stone arrow hits you!
You die...

...)....#
#......#
........#
####.###
........#
#..#
####'####
#.## #..#
#.#
###'#####
######'##
#.......#
#.......#
#.......#
+....9..#
#.......#
#..>..@.#
#.......#
#.......#
'.......#
#.......#
#)......#
#.......#
#.......+
#.......#
#.......#
#.......#
#.......#
..?....#
#####+###
##+####


You could see a gargoyle.

Vanquished Creatures
  The ghost of Lathuz the Cleaver, an experienced MiBe of Trog (D:7)
  A hill giant (D:10)
  The ghost of inmateoo the Ruffian, an experienced GrWr (D:6)
  A two-headed ogre (D:9)
  Sigmund (D:3)
  A wyvern (D:9)
  2 deep elf magi
  3 hippogriffs
  3 yaks (D:8)
  3 wargs (D:11)
  A water moccasin (D:9)
  3 ice beasts
  4 sky beasts
  3 orc warriors
  A necrophage (D:8)
  6 ogres
  8 centaurs
  Blork the orc (D:4)
  4 giant frogs
  2 scorpions
  2 jellies
  4 wights (D:11)
  12 killer bees
  5 crimson imps
  7 hounds
  12 orc wizards
  A centaur zombie (D:9)
  4 orc priests
  A giant frog skeleton (D:10)
  Crazy Yiuf (D:6)
  Ijyb (D:2)
  4 iguanas
  7 worker ants
  A worker ant zombie (D:11)
  A hound skeleton (D:5)
  7 gnolls
  14 adders
  A white imp (D:6)
  2 oozes (D:1)
  46 orcs
  A ball python (D:2)
  2 giant cockroaches
  13 hobgoblins
  5 jackals
  17 kobolds
  6 quokkas
  11 bats
  A giant gecko (D:3)
  7 giant newts
  16 goblins
  A quokka zombie (D:9)
  11 rats
274 creatures vanquished.

Notes
Turn   | Place    | Note
--------------------------------------------------------------
     0 | D:1      | inmateoo, the Gargoyle Warper, began the quest for the Orb.
     0 | D:1      | Reached XP level 1. HP: 12/12 MP: 3/3
    56 | D:1      | Reached XP level 2. HP: 8/17 MP: 5/5
   284 | D:1      | Reached skill level 3 in Unarmed Combat
   513 | D:1      | Reached XP level 3. HP: 17/21 MP: 6/6
   973 | D:2      | Reached skill level 4 in Unarmed Combat
   977 | D:2      | HP: 1/21 [kobold/dagger (2)]
  1303 | D:2      | Found an iron altar of Okawaru.
  1347 | D:2      | Reached XP level 4. HP: 21/26 MP: 7/7
  1824 | D:2      | Noticed Ijyb
  1896 | D:2      | Killed Ijyb
  1896 | D:2      | Reached skill level 5 in Unarmed Combat
  1896 | D:2      | Reached XP level 5. HP: 25/30 MP: 8/8
  2139 | D:3      | Found a radiant altar of Vehumet.
  2288 | D:3      | Noticed Sigmund
  2320 | D:3      | Killed Sigmund
  2320 | D:3      | Reached skill level 6 in Unarmed Combat
  2320 | D:3      | Reached XP level 6. HP: 7/35 MP: 9/9
  2962 | D:4      | Noticed Blork the orc
  3400 | D:4      | Reached skill level 7 in Unarmed Combat
  3411 | D:4      | Killed Blork the orc
  3411 | D:4      | Reached XP level 7. HP: 29/40 MP: 10/10
  3586 | D:4      | Found an iron altar of Okawaru.
  4152 | D:5      | Entered Level 5 of the Dungeon
  4199 | D:5      | Found a glowing golden altar of the Shining One.
  4262 | D:5      | Found a shadowy altar of Dithmenos.
  4339 | D:5      | Found Leifar's Jewellery Emporium.
  4345 | D:5      | Reached skill level 8 in Unarmed Combat
  4529 | D:5      | Reached skill level 9 in Unarmed Combat
  4529 | D:5      | Reached XP level 8. HP: 19/44 MP: 11/11
  5320 | D:6      | Noticed Crazy Yiuf
  5330 | D:6      | Killed Crazy Yiuf
  5439 | D:6      | Noticed inmateoo's ghost (experienced GrWr)
  5740 | D:6      | Killed inmateoo's ghost
  5740 | D:6      | Reached XP level 9. HP: 14/52 MP: 12/12
  6068 | D:6      | Got a translucent spear
  6069 | D:6      | Identified the +4 spear "Beastbane" {venom, Int+4 Dex+2} (You found it on level 6 of the Dungeon)
  6381 | D:6      | Found a staircase to the Ecumenical Temple.
  6390 | Temple   | Entered the Ecumenical Temple
  6510 | Temple   | Became a worshipper of Cheibriados the Contemplative
  6809 | D:6      | Found a deep blue altar of Sif Muna.
  7052 | D:7      | Reached skill level 10 in Unarmed Combat
  7122 | D:7      | Acquired Cheibriados's first power
  7122 | D:7      | Reached skill level 5 in Fighting
  7470 | D:7      | Reached skill level 5 in Armour
  7535 | D:7      | Noticed Lathuz's ghost (experienced MiBe)
  7567 | D:7      | Killed Lathuz's ghost
  7807 | D:7      | Found Cuupuez's Elemental Accessories.
  8084 | D:7      | Reached XP level 10. HP: 57/60 MP: 13/13
  8500 | D:8      | Reached skill level 5 in Dodging
  9099 | D:8      | Gained mutation: You are partially covered in rugged brown scales (AC +1, +3% HP). [potion of mutation]
  9099 | D:8      | Gained mutation: You have a pair of small horns on your head. [potion of mutation]
  9099 | D:8      | Gained mutation: You are frail (-10% HP). [potion of mutation]
  9301 | D:8      | Found a stormy altar of Qazlal.
  9358 | D:8      | Acquired Cheibriados's second power
  9654 | D:9      | Reached skill level 11 in Unarmed Combat
  9812 | D:9      | Found a white marble altar of Elyvilon.
 10347 | D:9      | Acquired Cheibriados's third power
 10394 | D:9      | Found a basalt altar of Yredelemnul.
 10394 | D:9      | Found a shimmering altar of Xom.
 10395 | D:9      | Found an ancient bone altar of Kikubaaqudgha.
 10465 | D:10     | Entered Level 10 of the Dungeon
 10630 | D:10     | Gained mutation: Your skin changes colour to match your surroundings (Stealth). [mutagenic meat]
 10631 | D:10     | Gained mutation: You heal slowly when monsters are visible. [mutagenic meat]
 10632 | D:10     | Lost mutation: You have a pair of small horns on your head. [mutagenic meat]
 10633 | D:10     | Gained mutation: You have sharp toenails. [mutagenic meat]
 10729 | D:10     | Reached XP level 11. HP: 57/62 MP: 15/15
 10820 | D:10     | Noticed a hill giant
 10829 | D:10     | Killed a hill giant
 11032 | D:10     | Gained mutation: Your flesh is heat resistant. [potion of mutation]
 11032 | D:10     | Gained mutation: Your spells are a little harder to cast, but a little more powerful. [potion of mutation]
 11138 | D:11     | Found a staircase to the Lair.
 11146 | D:11     | Reached skill level 1 in Invocations
 11275 | D:11     | Killed from afar by a gargoyle

Action                   |  1- 3 |  4- 6 |  7- 9 | 10-12 || total
-------------------------+-------+-------+-------+-------++-------
Melee: Unarmed           |   211 |   260 |   448 |   382 ||  1301
Invok: Slouch            |       |       |       |     2 ||     2
  Use: Scroll            |     1 |       |    16 |     7 ||    24
       Potion            |       |       |     4 |     4 ||     8
  Eat: Chunk             |     1 |     2 |    11 |    11 ||    25
       Bread ration      |       |     1 |     1 |       ||     2
